 Dungeon Crawl Stone Soup version 0.27-a0-951-gae3e1deef5 (webtiles) character file.

Game seed: 50668894069786314

12 Alarkh the Insei (level 2, 16/21 HPs)
             Began as a Demonspawn Transmuter on Apr 11, 2021.
             Got out of the dungeon alive.
             The game lasted 00:00:18 (188 turns).

Alarkh the Insei (Demonspawn Transmuter)             Turns: 188, Time: 00:00:18

Health: 16/21      AC:  2    Str: 10    XL:     2   Next: 20%
Magic:  5/5        EV: 12    Int: 14    God:
Gold:   6          SH:  0    Dex: 13    Spells: 4/5 levels left

rFire    . . .     SeeInvis .     - Unarmed
rCold    . . .     Faith    .   (no shield)
rNeg     . . .     Spirit   .   a - +0 robe
rPois    .         Reflect  .   (no helmet)
rElec    .         Harm     .   (no cloak)
rCorr    .         Rampage  .   (no gloves)
Will     .....                  (no boots)
Stlth    +.........             (no amulet)
HPRegen  0.07/turn              (no ring)
MPRegen  0.09/turn              (no ring)

@: no status effects
A: ignite blood 1
a: no special abilities


You escaped.
You visited 1 branch of the dungeon, and saw 1 of its levels.

You collected 6 gold pieces.

Inventory:

Armour
 a - a +0 robe (worn)


   Skills:
 + Level 1.3 Fighting
 - Level 1.7 Dodging
 * Level 3.0 Unarmed Combat
 + Level 2.1 Spellcasting
 + Level 2.0 Transmutations


You had 4 spell levels left.
You knew the following spells:

 Your Spells              Type           Power      Damage    Failure   Level
a - Beastly Appendage     Tmut           14%        N/A       11%         1

Your spell library contained the following spells:

 Spells                   Type           Power      Damage    Failure   Level
 Wereblood                Tmut           7%         N/A       16%         2
 Spider Form              Tmut/Pois      2%         N/A       43%         3
 Ice Form                 Ice/Tmut       4%         N/A       83%         4
 Hydra Form               Tmut           3%         N/A       96%         5


Dungeon Overview and Level Annotations

Branches:
Dungeon (1/15)

Altars:


Innate Abilities, Weirdness & Mutations

Your demonic aura sometimes causes spilled blood to erupt in flames


Message History

You barely miss the goblin. The bat closely misses you.
The giant cockroach barely misses you. The goblin hits you with a +0 club.
The giant cockroach barely misses you.
Unknown command.
You miss the goblin. The bat closely misses you.
The bat hits you but does no damage. The goblin hits you with a +0 club.
The giant cockroach bites you but does no damage.
You hit the bat.
You kill the bat!
The goblin misses you. The giant cockroach bites you.
You hit the goblin but do no damage. The giant cockroach closely misses you.
The goblin hits you with a +0 club.
You hit the goblin.
The goblin is heavily wounded.
The giant cockroach closely misses you.
The goblin is engulfed in blazing flames.
You kill the goblin!
Your Unarmed Combat skill increases to level 3!
Your Transmutations skill increases to level 2!
You hit the giant cockroach.
The giant cockroach is heavily wounded.
The giant cockroach bites you.
You hit the giant cockroach.
You kill the giant cockroach!
No target in view!
No target in view!
No target in view!
No target in view!
No target in view!
No target in view!
No target in view!
No target in view!
No target in view!
No target in view!
Things that are here:
a +0 club; a goblin corpse Unknown command.
There is a staircase leading out of the dungeon here.
Are you sure you want to leave the Dungeon?
This will make you lose the game!
You have escaped!

.##.# #.†...............#
.##.# #.................#
.$..#.##)....###.(.......#
####.......#...###......#
#......#.......#.....# ###
#.....#.........#....#
..#.......#.........#....#
#.####..#.#..........#...#
... .(...#......@....#...#
......#..#......#....#...#
......#..#......#....#...#
##### ..#.......#.(#....#
# #.....#....#....# #
#......#..#.....# ..
#.......##......# ..#
#...............# ..#
..............#


There were no monsters in sight!

Vanquished Creatures
  A dart slug (D:1)
  An endoplasm (D:1)
  2 giant cockroaches (D:1)
  2 goblins (D:1)
  2 bats (D:1)
  A kobold (D:1)
9 creatures vanquished.

Notes
Turn   | Place    | Note
-------+----------+-------------------------------------------
     0 | D:1      | Alarkh the Demonspawn Transmuter began the quest for the
                  | Orb.
     0 | D:1      | Reached XP level 1. HP: 15/15 MP: 3/3
    35 | D:1      | Found a faded altar of an unknown god.
    97 | D:1      | Gained mutation: Your demonic aura sometimes causes spilled
                  | blood to erupt in flames [demonic ancestry]
    97 | D:1      | Reached XP level 2. HP: 19/21 MP: 1/5
   142 | D:1      | Reached skill level 3 in Unarmed Combat
   188 | D:$      | Got out of the dungeon alive.

Illustrated notes

Levels and vault maps discovered:
D:1:      dpeg_arrival_solitude, layout_basic,
          hellmonk_ecumenical_altar_crossroads

Skill      XL: |  1  2 |
---------------+-------+-----
Unarmed Combat | 3 |  3.0
Transmutations | 2 |  2.0
Fighting       | |  1.3
Dodging        | |  1.7
Spellcasting   | |  2.1

Action                   || total
-------------------------++-------
Melee: Unarmed           ||    17
       Kick              ||     3
       Headbutt          ||     3
 Cast: Beastly Appendage ||     6
Armor: Robe              ||     5
Dodge: Dodged            ||    14

Table legend: (Time is in decaauts)
 A = Elapsed time spent in this place.
 B = Non-inter-level travel time spent in this place.
 C = Inter-level travel time spent in this place.
 D = Time resting spent in this place.
 E = Time spent auto-exploring this place.
 F = Levels seen in this place.
 G = Mean time per level.
                   A        B        C        D        E       F      G
               +--------+--------+--------+--------+--------+-----+--------+
         Total |    186 |    146 |     40 |      0 |     98 |   1 |  186.0 |
       Dungeon |    186 |    146 |     40 |      0 |     98 |   1 |  186.0 |
               +--------+--------+--------+--------+--------+-----+--------+

Top non-repeatable levels by time:
     D:1: 186 daAuts
